 Dungeon Sprint DCSS version 0.22-a0-443-g17c3723 (webtiles) character file.

7690 Dipster the Thaumaturge (level 11, -29/90 HPs)
             Began as a Gnoll Wizard on June 1, 2018.
             Was the Champion of Vehumet.
             Killed from afar by Sigmund (51 damage)
             ... with a bolt of fire
             ... in the Dungeon (Sprint III: "The Ten Rune Challenge").
             The game lasted 00:19:20 (3816 turns).

Dipster the Thaumaturge (Gnoll Wizard)              Turns: 3816, Time: 00:19:20

Health: -29/90     AC:  6    Str:  9    XL:     11   Next: 19%
Magic:  9/26       EV: 19    Int: 24    God:    Vehumet [******]
Gold:   1532       SH:  0    Dex: 14    Spells: 6/33 levels left

rFire    . . .     SeeInvis .   k - +0 dagger
rCold    . . .     Gourm    .   (no shield)
rNeg     + . .     Faith    .   c - +2 robe {rN+}
rPois    .         Spirit   .   b - +0 hat
rElec    .         Reflect  .   (no cloak)
rCorr    .         Harm     .   v - +0 pair of gloves (curse)
MR       .....     NoTele   +   (no boots)
Stlth    +++++.....             (no amulet)
HPRegen  0.25/turn              (no ring)
MPRegen  0.20/turn              (no ring)

@: no status effects
A: distributed training, fangs 1, strong nose
a: Renounce Religion


You were in the Dungeon.
You worshipped Vehumet.
Vehumet was exalted by your worship.
You were hungry.

You visited 1 branch You collected 1567 gold pieces.
You spent 35 gold pieces at shops.

Inventory:

Hand Weapons
 k - a +0 dagger (weapon)
 r - a +1 dire flail of protection
 u - a +2 long sword of holy wrath
Missiles
 l - 15 stones (quivered)
Armour
 a - a +0 robe
 b - a +0 hat (worn)
 c - a +2 robe of positive energy (worn)
 v - a cursed +0 pair of gloves (worn)
Wands
 t - a wand of acid (8)
Scrolls
 j - a scroll of blinking
 n - a scroll of torment
 s - a scroll of remove curse
 y - a scroll of fear
Potions
 e - a potion of curing
 f - a potion of heal wounds
 g - a potion of haste
 h - 2 potions of magic
 i - a potion of berserk rage
 m - 3 potions of mutation
 p - 2 potions of agility
 q - 2 potions of flight
 w - a potion of might
Miscellaneous
 x - a lamp of fire
Comestibles
 d - 10 rations


   Skills:
 + Level 9.8 Fighting
 + Level 9.8 Short Blades
 + Level 9.8 Long Blades
 + Level 9.8 Axes
 + Level 9.8 Maces & Flails
 + Level 9.8 Polearms
 + Level 9.8 Staves
 + Level 9.8 Slings
 + Level 9.8 Bows
 + Level 9.8 Crossbows
 + Level 9.8 Throwing
 + Level 9.8 Armour
 + Level 10.7 Dodging
 + Level 10.6 Stealth
 + Level 9.8 Shields
 + Level 9.8 Unarmed Combat
 + Level 11.9 Spellcasting
 + Level 8.5 Conjurations
 + Level 8.2 Hexes
 + Level 8.2 Charms
 + Level 8.5 Summonings
 + Level 8.2 Necromancy
 + Level 8.5 Translocations
 + Level 8.2 Transmutations
 + Level 8.2 Fire Magic
 + Level 8.2 Ice Magic
 + Level 8.2 Air Magic
 + Level 8.2 Earth Magic
 + Level 8.2 Poison Magic
 + Level 10.6 Invocations
 + Level 9.8 Evocations


You had 6 spell levels left.
You knew the following spells:

 Your Spells              Type           Power        Failure   Level  Hunger
a - Magic Dart            Conj           ####         1%          1    None
b - Blink                 Tloc           N/A          1%          2    None
c - Mephitic Cloud        Conj/Pois/Air  ######..     1%          3    None
d - Call Imp              Summ           ######..     1%          2    None
e - Slow                  Hex            ######..     1%          2    None
f - Conjure Flame         Conj/Fire      ######..     1%          3    None
g - Sticky Flame          Conj/Fire      ######..     1%          4    None
h - Metabolic Englaciati  Hex/Ice        ######....   4%          5    ###....
i - Yara's Violent Unrav  Hex/Tmut       ######....   1%          5    ###....

Your spell library contained the following spells:

 Spells                   Type           Power        Failure   Level  Hunger
 Apportation              Tloc           ######       1%          1    None
 Confuse                  Hex            ######..     1%          3    None
 Summon Small Mammal      Summ           ####         1%          1    None
 Animate Skeleton         Necr           N/A          1%          1    None
 Confusing Touch          Hex            ######       1%          1    None
 Petrify                  Tmut/Erth      ######..     1%          4    None
 Gell's Gravitas          Tloc           ######....   1%          3    None


Dungeon Overview and Level Annotations

Branches:
Dungeon (1/1)

Altars:
Cheibriados
Dithmenos
Elyvilon
Fedhas
Gozag
Hepliaklqana
Kikubaaqudgha
Makhleb
Nemelex Xobeh
Okawaru
Qazlal
Ru
Sif Muna
Trog
Uskayaw
Vehumet
Wu Jian
Xom
Yredelemnul
Zin
The Shining One
Beogh
Jiyva
Lugonu

Shops:
D ?

Annotations:
D Edmund, Sigmund


Innate Abilities, Weirdness & Mutations

Your experience applies equally to all skills.
You have very sharp teeth.
Your uncanny sense of smell can sniff out nearby items.


Message History

The puff of frost hits Edmund.
Your crimson imp blinks!
Sigmund is engulfed in noxious fumes.
Your white imp hits Sigmund.
Your white imp freezes Sigmund.
Sigmund is engulfed in noxious fumes.
Sigmund hits you with a scythe of distortion.
* * * LOW HITPOINT WARNING * * *
Space warps horribly around you!
* * * LOW HITPOINT WARNING * * *
Your white imp hits Sigmund.
Your white imp freezes Sigmund.
Your crimson imp hits Edmund.
You feel much better.
Sigmund seems less confused.
Your crimson imp blinks!
Edmund is engulfed in noxious fumes.
Edmund appears confused.
You closely miss Sigmund.
Sigmund is moderately wounded.
Sigmund casts a spell at you. The bolt of fire hits you!
Ouch! That really hurt!
You die...

#)#.#∆∆### ####### # ∆
#+########################### ∆
#....#)#.#.....#......'...≈≈#∆
∆
##.#).#.##.###.#......#...≈≈###
'##.#)#.##.#.)##......#...≈≈≈≈#
#...#..#).##..'.......#...≈≈≈≈#
▓▓▓▓▓▓▓▓▓▓▓▓▓▓#.......#.......#
...≈≈≈..(#.5.@...#.......#
≈≈≈≈≈♣♣P.5.@§5...#.......# ♣♣♣
♣PP#.@.....#########
♣♣♣##'###### ...+ ∆∆#...# ∆
∆∆#...# ##### ∆ ∆


You could see Edmund (confused), Sigmund, 2 friendly crimson imps and a friendly
white imp.

Vanquished Creatures
  A deep elf demonologist (D)
  A deep elf annihilator (D)
  Erolcha (D)
  2 deep elf knights (D)
  4 deep elf magi (D)
  A shadow (D)
  A human (D)
  A wandering mushroom (D)
  2 orc warriors (D)
  A necrophage (D)
  4 two-headed ogres (D)
  18 killer bees (D)
  2 orc wizards (D)
  2 orc priests (D)
  A jelly (D)
  Jessica (D)
  A kobold demonologist (D)
  A wolf (D)
  An ooze (D)
  5 orcs (D)
  A rat (D)
52 creatures vanquished.

Vanquished Creatures (collateral kills)
  An orc high priest (D)
  2 redbacks (D)
  A spatial vortex (D)
  2 orc warriors (D)
  A two-headed ogre (D)
  A water elemental (D)
  13 killer bees (D)
  An orc priest (D)
  A wizard (D)
  A necromancer (D)
  2 humans (D)
  3 orcs (D)
29 creatures vanquished.

Vanquished Creatures (others)
  2 draconian scorchers (D)
  2 yaktaurs (D)
  6 hellions (D)
  A queen bee (D)
  A killer bee (D)
12 creatures vanquished.

Grand Total: 93 creatures vanquished

Notes
Turn   | Place    | Note
-------+----------+-------------------------------------------
     0 | D        | Dipster the Gnoll Wizard began the quest for the Orb.
     0 | D        | Reached XP level 1. HP: 13/13 MP: 8/8
    11 | D        | Reached skill level 1 in Invocations
    39 | D        | Killed a yaktaur
    76 | D        | Noticed Jessica
    76 | D        | Killed a hellion
    81 | D        | Killed Jessica
    81 | D        | Reached skill level 1 in Fighting
    81 | D        | Reached skill level 1 in Short Blades
    81 | D        | Reached skill level 1 in Long Blades
    81 | D        | Reached skill level 1 in Axes
    81 | D        | Reached skill level 1 in Maces & Flails
    81 | D        | Reached skill level 1 in Polearms
    81 | D        | Reached skill level 1 in Staves
    81 | D        | Reached skill level 1 in Slings
    81 | D        | Reached skill level 1 in Bows
    81 | D        | Reached skill level 1 in Crossbows
    81 | D        | Reached skill level 1 in Throwing
    81 | D        | Reached skill level 1 in Armour
    81 | D        | Reached skill level 1 in Shields
    81 | D        | Reached skill level 1 in Unarmed Combat
    81 | D        | Reached skill level 1 in Hexes
    81 | D        | Reached skill level 1 in Charms
    81 | D        | Reached skill level 1 in Necromancy
    81 | D        | Reached skill level 1 in Transmutations
    81 | D        | Reached skill level 1 in Fire Magic
    81 | D        | Reached skill level 1 in Ice Magic
    81 | D        | Reached skill level 1 in Air Magic
    81 | D        | Reached skill level 1 in Earth Magic
    81 | D        | Reached skill level 1 in Poison Magic
    81 | D        | Reached skill level 1 in Evocations
    81 | D        | Reached XP level 2. HP: 20/22 MP: 5/10
    81 | D        | Reached XP level 3. HP: 25/27 MP: 5/11
    85 | D        | Killed a hellion
    95 | D        | Learned a level 2 spell: Blink
    97 | D        | Killed a hellion
    98 | D        | Killed a hellion
    99 | D        | Learned a level 3 spell: Mephitic Cloud
   102 | D        | Learned a level 2 spell: Call Imp
   105 | D        | Learned a level 2 spell: Slow
   109 | D        | Learned a level 3 spell: Conjure Flame
   132 | D        | Killed a white draconian scorcher
   159 | D        | Killed a hellion
   188 | D        | Reached skill level 5 in Dodging
   193 | D        | Killed a hellion
   197 | D        | Killed a white draconian scorcher
   503 | D        | Noticed a water elemental
   506 | D        | Killed a water elemental
   506 | D        | Reached skill level 5 in Stealth
   506 | D        | Reached XP level 4. HP: 34/34 MP: 6/13
   560 | D        | Found a radiant altar of Vehumet.
   562 | D        | Found a deep blue altar of Sif Muna.
   562 | D        | Found an ancient bone altar of Kikubaaqudgha.
   562 | D        | Noticed a wizard
   565 | D        | Killed a wizard
   571 | D        | Noticed a hellwing
   581 | D        | Reached XP level 5. HP: 24/41 MP: 6/15
   713 | D        | Became a worshipper of Vehumet
   729 | D        | Found a basalt altar of Yredelemnul.
   729 | D        | Found a shadowy altar of Dithmenos.
   729 | D        | Found a sacrificial altar of Ru.
   729 | D        | Noticed a necrophage
   751 | D        | Killed a necrophage
   751 | D        | Reached skill level 8 in Spellcasting
  1068 | D        | Learned a level 1 spell: Animate Skeleton
  1079 | D        | Found a glowing silver altar of Zin.
  1079 | D        | Found a glowing golden altar of the Shining One.
  1079 | D        | Found a white marble altar of Elyvilon.
  1080 | D        | Noticed a deep elf mage
  1094 | D        | Killed a deep elf mage
  1094 | D        | Reached * piety under Vehumet
  1094 | D        | Offered knowledge of Flame Tongue by Vehumet.
  1094 | D        | Reached skill level 5 in Fighting
  1094 | D        | Reached skill level 5 in Short Blades
  1094 | D        | Reached skill level 5 in Long Blades
  1094 | D        | Reached skill level 5 in Axes
  1094 | D        | Reached skill level 5 in Maces & Flails
  1094 | D        | Reached skill level 5 in Polearms
  1094 | D        | Reached skill level 5 in Staves
  1094 | D        | Reached skill level 5 in Slings
  1094 | D        | Reached skill level 5 in Bows
  1094 | D        | Reached skill level 5 in Crossbows
  1094 | D        | Reached skill level 5 in Throwing
  1094 | D        | Reached skill level 5 in Armour
  1094 | D        | Reached skill level 5 in Shields
  1094 | D        | Reached skill level 5 in Unarmed Combat
  1094 | D        | Reached skill level 5 in Invocations
  1094 | D        | Reached skill level 5 in Evocations
  1094 | D        | Reached XP level 6. HP: 43/51 MP: 15/17
  1094 | D        | Reached XP level 7. HP: 47/56 MP: 16/19
  1156 | D        | Found a hide-covered altar of Uskayaw.
  1156 | D        | Found a roughly hewn altar of Beogh.
  1156 | D        | Found an iron altar of Okawaru.
  1156 | D        | Found a bloodstained altar of Trog.
  1156 | D        | Found an ornate altar of the Wu Jian Council.
  1156 | D        | Noticed a human
  1159 | D        | Noticed a human
  1166 | D        | Killed a human
  1166 | D        | Reached skill level 9 in Spellcasting
  1166 | D        | Reached skill level 5 in Conjurations
  1166 | D        | Reached skill level 5 in Summonings
  1166 | D        | Reached skill level 5 in Translocations
  1176 | D        | Killed a human
  1397 | D        | Noticed a shadow
  1399 | D        | Killed a shadow
  1399 | D        | Offered knowledge of Sandblast by Vehumet.
  1399 | D        | Reached ** piety under Vehumet
  1399 | D        | Reached skill level 5 in Hexes
  1399 | D        | Reached skill level 5 in Charms
  1399 | D        | Reached skill level 5 in Necromancy
  1399 | D        | Reached skill level 5 in Transmutations
  1399 | D        | Reached skill level 5 in Fire Magic
  1399 | D        | Reached skill level 5 in Ice Magic
  1399 | D        | Reached skill level 5 in Air Magic
  1399 | D        | Reached skill level 5 in Earth Magic
  1399 | D        | Reached skill level 5 in Poison Magic
  1399 | D        | Reached XP level 8. HP: 64/64 MP: 21/21
  1410 | D        | Found a blossoming altar of Fedhas.
  1410 | D        | Found a stormy altar of Qazlal.
  1411 | D        | Found a snail-covered altar of Cheibriados.
  1411 | D        | Found a burning altar of Makhleb.
  1411 | D        | Found a hazy altar of Hepliaklqana.
  1411 | D        | Found a shimmering altar of Xom.
  1411 | D        | Found an opulent altar of Gozag.
  1411 | D        | Found a sparkling altar of Nemelex Xobeh.
  1411 | D        | Found a corrupted altar of Lugonu.
  1411 | D        | Found a viscous altar of Jiyva.
  1750 | D        | Offered knowledge of Static Discharge by Vehumet.
  1754 | D        | Noticed a two-headed ogre
  1757 | D        | Learned a level 5 spell: Metabolic Englaciation
  1893 | D        | Killed a two-headed ogre
  1893 | D        | Reached *** piety under Vehumet
  2102 | D        | Learned a level 5 spell: Yara's Violent Unravelling
  2119 | D        | Noticed a two-headed ogre
  2119 | D        | Noticed Erolcha
  2130 | D        | Killed a two-headed ogre
  2130 | D        | Offered knowledge of Sticky Flame by Vehumet.
  2130 | D        | Reached skill level 10 in Spellcasting
  2137 | D        | Learned a level 4 spell: Sticky Flame
  2137 | D        | Noticed a redback
  2157 | D        | Killed Erolcha
  2157 | D        | Reached XP level 9. HP: 54/72 MP: 11/23
  2333 | D        | Reached **** piety under Vehumet
  2392 | D        | Offered knowledge of Lee's Rapid Deconstruction by Vehumet.
  2398 | D        | Noticed a wandering mushroom
  2626 | D        | Reached ***** piety under Vehumet
  2627 | D        | Offered knowledge of Conjure Ball Lightning by Vehumet.
  2664 | D        | Noticed a queen bee
  2668 | D        | Killed a queen bee
  2675 | D        | Reached ****** piety under Vehumet
  2874 | D        | Offered knowledge of Bolt of Draining by Vehumet.
  2877 | D        | Reached XP level 10. HP: 80/80 MP: 5/24
  3049 | D        | Found a roughly hewn altar of Beogh.
  3057 | D        | Noticed an orc high priest
  3064 | D        | Offered knowledge of Orb of Destruction by Vehumet.
  3078 | D        | Killed an orc high priest
  3078 | D        | Reached skill level 11 in Spellcasting
  3083 | D        | Found Polug's Magic Scroll Emporium.
  3225 | D        | Noticed a deep elf knight
  3225 | D        | Noticed a deep elf mage
  3225 | D        | Noticed a deep elf mage
  3225 | D        | Noticed a deep elf knight
  3225 | D        | Noticed a deep elf mage
  3229 | D        | Bought a scroll of fear for 35 gold pieces
  3234 | D        | Killed a deep elf mage
  3242 | D        | Killed a deep elf mage
  3242 | D        | Offered knowledge of Lightning Bolt by Vehumet.
  3242 | D        | Reached skill level 10 in Dodging
  3270 | D        | Killed a deep elf mage
  3271 | D        | Killed a deep elf knight
  3271 | D        | Reached skill level 10 in Stealth
  3276 | D        | Killed a deep elf knight
  3276 | D        | Reached skill level 10 in Invocations
  3413 | D        | Noticed a deep elf demonologist
  3414 | D        | Noticed a deep elf annihilator
  3415 | D        | Killed a deep elf annihilator
  3415 | D        | Reached XP level 11. HP: 89/89 MP: 26/26
  3415 | D        | Noticed a deep elf demonologist
  3416 | D        | Noticed a deep elf death mage
  3418 | D        | Noticed a sixfirhy
  3419 | D        | Killed a deep elf demonologist
  3529 | D        | Noticed a deep elf master archer
  3705 | D        | Noticed a deep elf demonologist
  3705 | D        | Noticed a deep elf high priest
  3707 | D        | Noticed a soul eater
  3707 | D        | Noticed a soul eater
  3794 | D        | Noticed Sigmund
  3794 | D        | Noticed Edmund
  3814 | D        | HP: 1/90 [Sigmund/scythe of distortion (15)]
  3816 | D        | Killed from afar by Sigmund

Vault maps used:
D:        dungeon_sprint_mu

Skill      XL: |  1  2  3  4  5  6  7  8  9 10 |
---------------+-------------------------------+-----
Conjurations   | 2 3 4 5 6 7 8 |  8.5
Summonings     | 2 3 4 5 6 7 8 |  8.5
Translocations | 2 3 4 5 6 7 8 |  8.5
Invocations    | 2 3 5 6 8 10 | 10.6
Fighting       | 1 2 3 5 6 7 8 9 |  9.8
Short Blades   | 1 2 3 5 6 7 8 9 |  9.8
Long Blades    | 1 2 3 5 6 7 8 9 |  9.8
Axes           | 1 2 3 5 6 7 8 9 |  9.8
Maces & Flails | 1 2 3 5 6 7 8 9 |  9.8
Polearms       | 1 2 3 5 6 7 8 9 |  9.8
Staves         | 1 2 3 5 6 7 8 9 |  9.8
Slings         | 1 2 3 5 6 7 8 9 |  9.8
Bows           | 1 2 3 5 6 7 8 9 |  9.8
Crossbows      | 1 2 3 5 6 7 8 9 |  9.8
Throwing       | 1 2 3 5 6 7 8 9 |  9.8
Armour         | 1 2 3 5 6 7 8 9 |  9.8
Shields        | 1 2 3 5 6 7 8 9 |  9.8
Unarmed Combat | 1 2 3 5 6 7 8 9 |  9.8
Hexes          | 1 2 4 5 6 8 |  8.2
Charms         | 1 2 4 5 6 8 |  8.2
Necromancy     | 1 2 4 5 6 8 |  8.2
Transmutations | 1 2 4 5 6 8 |  8.2
Fire Magic     | 1 2 4 5 6 8 |  8.2
Ice Magic      | 1 2 4 5 6 8 |  8.2
Air Magic      | 1 2 4 5 6 8 |  8.2
Earth Magic    | 1 2 4 5 6 8 |  8.2
Poison Magic   | 1 2 4 5 6 8 |  8.2
Evocations     | 1 2 3 5 6 7 8 9 |  9.8
Dodging        | 5 7 8 9 10 | 10.7
Stealth        | 5 6 7 8 9 10 | 10.6
Spellcasting   | 8 9 10 11 | 11.9

Action                   |  1- 3 |  4- 6 |  7- 9 | 10-12 || total
-------------------------+-------+-------+-------+-------++-------
Melee: Unarmed           |    19 |     2 |       |       ||    21
       Bite              |     3 |     1 |     5 |     1 ||    10
       Punch             |     1 |     1 |     3 |     1 ||     6
       Dagger            |       |    19 |    79 |    24 ||   122
 Cast: Magic Dart        |    12 |     1 |     3 |     4 ||    20
       Call Imp          |    11 |     8 |    45 |    11 ||    75
       Mephitic Cloud    |     3 |     2 |    30 |    22 ||    57
       Slow              |       |     1 |     1 |       ||     2
       Animate Skeleton  |       |     1 |     1 |       ||     2
       Conjure Flame     |       |       |    11 |       ||    11
       Blink             |       |       |     6 |       ||     6
       Metabolic Englaci |       |       |       |     1 ||     1
       Yara's Violent Un |       |       |       |     1 ||     1
Evoke: Wand              |       |       |     1 |       ||     1
       Lamp of fire      |       |       |     1 |       ||     1
  Use: Scroll            |     5 |       |     2 |       ||     7
       Potion            |       |     1 |     1 |     1 ||     3
 Stab: Confused          |     4 |     1 |    15 |     7 ||    27
       Distracted        |     1 |     1 |       |       ||     2
       Sleeping          |       |     1 |     2 |       ||     3
  Eat: Chunk             |       |       |     2 |     3 ||     5
       Ration            |       |       |     1 |       ||     1
Armor: Robe              |       |     3 |     3 |     1 ||     7
Dodge: Dodged            |     7 |    13 |    38 |     7 ||    65

Table legend:
 A = Spawn XP
 B = Non-spawn XP
 C = Spawn XP percentage of total XP
 D = Spawn monster count
 E = Non-spawn monster count
 F = Spawn count percentage of total count
 G = Total turns spent on level
                    A         B        C        D         E        F      G
               +---------+---------+-------+---------+---------+-------+---------
         Total |       0 |   10987 |   0.0 |       0 |      83 |   0.0 |  3816
               +---------+---------+-------+---------+---------+-------+---------
             D |       0 |   10987 |   0.0 |       0 |      83 |   0.0 |  3816
               +---------+---------+-------+---------+---------+-------+---------
